 Dungeon Crawl Stone Soup version bcrawl-1.31.4 (webtiles) character file.

Game seed: 4861179408925503412

118763 Morbidden the Sneak (level 3, 14/26 HPs)
             Began as a Demonspawn Archaeologist on June 19, 2021.
             Quit the game on level 2 of the Dungeon.
             The game lasted 00:00:52 (809 turns).

Morbidden the Sneak (Demonspawn Archaeologist)       Turns: 809, Time: 00:00:53

Health: 14/26      AC:  6    Str: 12    XL:     3   Next: 0%
Magic:  3/3        EV: 13    Int: 15    God:
Gold:   217        SH:  0    Dex: 11    Spells: 2/2 levels left

rFire    . . .     SeeInvis .   a - +0 dagger
rCold    . . .     Gourm    .   (no shield)
rNeg     . . .     Faith    .   c - +1 robe
rPois    .         Spirit   .   d - +1 hat
rElec    .         Reflect  .   (no cloak)
rCorr    .         Harm     .   (no gloves)
MR       .....                  p - +1 pair of boots
Stlth    ++........             (no amulet)
HPRegen  0.08/turn              (no ring)
MPRegen  0.08/turn              (no ring)

@: no status effects
A: antennae 1, spiny 1
a: no special abilities


You were on level 2 of the Dungeon.
You were hungry.

You visited 1 branch of the dungeon, and saw 2 of its levels.

You collected 217 gold pieces.

Inventory:

Hand Weapons
 a - a +0 dagger (weapon)
 b - a +0 blowgun
Missiles
 f - 6 curare-tipped needles
Armour
 c - a +1 robe (worn)
 d - a +1 hat (worn)
 p - a +1 pair of boots (worn)
Scrolls
 g - a scroll of magic mapping
 i - a scroll of identify
 j - 2 scrolls of remove curse {unknown}
 m - a scroll of fear {unknown}
 n - a scroll of teleportation {unknown}
Potions
 l - a potion of flight {unknown}
 o - a potion of brilliance {unknown}
 q - a potion of mutation {unknown}
 r - a potion of magic {unknown}
Miscellaneous
 h - a dusty tome
Comestibles
 e - 3 rations {!d}


   Skills:
 * Level 1.3 Fighting
 + Level 0.1 Short Blades
   Level 0.8 Maces & Flails
 * Level 3.2 Dodging
 + Level 3.4 Stealth


You had 2 spell levels left.
You didn't know any spells.
Your spell library was empty.

Dungeon Overview and Level Annotations

Branches:
Dungeon (2/12)

Altars:


Innate Abilities, Weirdness & Mutations

You have a pair of small antennae on your head.
You are partially covered in sharp spines.


Message History

You hit the leopard gecko but do no damage.
The leopard gecko is struck by your spines.
The leopard gecko closely misses you.
You miss the leopard gecko.
The leopard gecko is heavily wounded.
The leopard gecko is struck by your spines.
The leopard gecko bites you.
You are too injured to fight recklessly!
You are too injured to fight recklessly!
You closely miss the leopard gecko.
The leopard gecko is almost dead.
The leopard gecko is struck by your spines.
You kill the leopard gecko!
You have reached level 3!
Your experience leads to an increase in your attributes!
Increase (S)trength, (I)ntelligence, or (D)exterity?
You feel stronger.
Your demonic ancestry asserts itself...
A pair of antennae grows on your head!
No path to travel!
Are you sure you want to abandon this character and quit the game? (Confirm with "yes".)

#.#.........
#........... #########
#.#......... #.......#
#...........
#......!###.#........
#..>....#............
#.........##.$#.####
#.......#####.†....####
#.......# ##..@.....#
#..)...># ####...#...
#.......##### ##...#
#[..........# #.#
#.....<.###.. #
#########


There were no monsters in sight!

Vanquished Creatures
  A dart slug (D:1)
  A leopard gecko (D:2)
  A ball python (D:1)
  A bat (D:1)
  2 goblins (D:1)
  3 hobgoblins
  4 jackals (D:2)
  3 kobolds
  2 frilled lizards (D:1)
  4 rats
22 creatures vanquished.

Notes
Turn   | Place    | Note
-------+----------+-------------------------------------------
     0 | D:1      | Morbidden the Demonspawn Archaeologist began the quest for
                  | the Orb.
     0 | D:1      | Reached XP level 1. HP: 15/15 MP: 1/1
   337 | D:1      | Gained mutation: You are partially covered in sharp spines.
                  | [demonic ancestry]
   337 | D:1      | Reached XP level 2. HP: 14/21 MP: 2/2
   809 | D:2      | Gained mutation: You have a pair of small antennae on your
                  | head. [demonic ancestry]
   809 | D:2      | Reached XP level 3. HP: 14/26 MP: 3/3
   809 | D:2      | Quit the game

Skill      XL: |  1 |
---------------+----+-----
Dodging        | 3 |  3.2
Fighting       | |  1.3
Short Blades   | |  0.1
Maces & Flails | |  0.8
Stealth        | |  3.4

Action                   || total
-------------------------++-------
Melee: Whip              ||    35
       Dagger            ||    39
 Stab: Sleeping          ||     5
  Eat: Chunk             ||     1
Armor: Robe              ||    15
Dodge: Dodged            ||    45
